 Dungeon Crawl Stone Soup version 0.29.0-4-gdea44cf6ec (webtiles) character file.

Game seed: 3889671137837712225

80 qw the Chopper (level 4, -4/26 HPs)
             Began as a Tengu Warper on Aug 28, 2022.
             Slain by a gnoll
             ... wielding a +0 halberd
              (13 damage)
             ... on level 2 of the Dungeon.
             The game lasted 00:00:10 (1372 turns).

qw the Chopper (Tengu Warper)                       Turns: 1372, Time: 00:00:11

Health: -4/26      AC:  6    Str: 14    XL:     4   Next: 39%
Magic:  8/8        EV: 11    Int: 13    God:
Gold:   78         SH:  0    Dex: 13    Spells: 7/7 levels left

rFire   . . .      SeeInvis .   Y - +1 hand axe
rCold   . . .      Faith    .   (no shield)
rNeg    . . .      Spirit   .   g - +0 ring mail
rPois   .          Reflect  .   (helmet restricted)
rElec   .          Harm     .   e - scarf {repulsion}
rCorr   .          Rampage  .   j - +0 pair of gloves
Will    .....                   (boots unavailable)
Stlth   +.........              (no amulet)
HPRegen 0.08/turn               (no ring)
MPRegen 0.11/turn               (no ring)

@: repel missiles
A: beak, talons 3
a: no special abilities


You were on level 2 of the Dungeon.
You visited 1 branch of the dungeon, and saw 2 of its levels.

You collected 78 gold pieces.


Innate Abilities, Weirdness & Mutations

You have a beak for a mouth.
You have claws for feet.


   Skills:
 - Level 2.0 Fighting
 + Level 5.0 Axes
 - Level 1.0 Throwing
 - Level 1.1 Armour
 - Level 2.1 Dodging
 - Level 2.0 Spellcasting
 - Level 2.4 Translocations


You had 7 spell levels left.
You didn't know any spells.
Your spell library contained the following spells:

 Spells                   Type           Power      Damage    Failure   Level
 Blink                    Tloc           14%        N/A       30%         2
 Gell's Gravitas          Tloc           7%         N/A       52%         3
 Lesser Beckoning         Tloc           7%         N/A       52%         3
 Teleport Other           Tloc           7%         N/A       52%         3
 Manifold Assault         Tloc           7%         N/A       99%         5

Inventory:

Hand Weapons
 d - a +0 flail
 Y - a +1 hand axe (weapon)
Armour
 e - a scarf of repulsion (worn)
 g - a +0 ring mail (worn)
 j - a +0 pair of gloves (worn)
Scrolls
 c - a scroll of teleportation
 h - a scroll of identify {unknown}
Potions
 a - a potion of brilliance {unknown}
 b - 2 potions of flight {unknown}
 k - a potion of mutation {unknown}
 l - a potion of heal wounds {unknown}

Dungeon Overview and Level Annotations

Branches:
Dungeon (2/15)

Altars:

Shops:
D:1 [


Message History

The gnoll is severely wounded.
The gnoll barely misses you.
You hit the gnoll. Your kick misses the gnoll.
You peck the gnoll, but do no damage.
The gnoll is severely wounded.
The gnoll hits you but does no damage.
A gnoll comes into view. It is wielding a +0 halberd.
The gnoll barely misses you.
The kobold shouts!
The gnoll shouts!
You hit the gnoll.
You kill the gnoll!
You barely miss the kobold. You hit the kobold.
You kill the kobold!
You hear an angry hiss.
The gnoll throws a throwing net.
The throwing net closely misses you. The kobold closely misses you.
You hit the kobold but do no damage. The kobold hits you but does no damage.
You hit the kobold.
You kill the kobold!
A frilled lizard comes into view.
Your Axes skill increases to level 5!
Items here: ! % ) ?.
The gnoll misses you.
You hit the gnoll but do no damage. The gnoll hits you with a +0 halberd.
You hit the gnoll but do no damage. You claw the gnoll, but do no damage.
Your peck misses the gnoll. You hit the frilled lizard.
You kill the frilled lizard!
The gnoll hits you with a +0 halberd!
You barely miss the gnoll. The gnoll closely misses you.
You closely miss the gnoll. Your kick misses the gnoll.
The gnoll hits you with a +0 halberd.
You barely miss the gnoll. You claw the gnoll.
The gnoll is heavily wounded.
The gnoll hits you with a +0 halberd!
Ouch! That really hurt!
You die...

..#%##.####..####.##
.....#.......#.....#
#.#.)#######.#.##..########
..#..## #................
......# #.......########.
###...# #.##.()).# #...# #>
###.#.# #...# #)#.#
#...#####.## #@#.#
###..........##%g.......
............#.#..#.##...
?...........# #......
............# .....##.
###..........##.### ..
#...#########. # #...# #.
#...#


You could see a gnoll.

Vanquished Creatures
  3 gnolls (D:2)
  An adder (D:2)
  A worm (D:2)
  A dart slug (D:1)
  2 endoplasms
  3 giant cockroaches (D:1)
  5 hobgoblins
  2 quokkas (D:1)
  3 ball pythons
  5 bats
  4 frilled lizards
  5 goblins
  2 kobolds (D:2)
  2 rats (D:1)
  A spectral kobold (D:1)
40 creatures vanquished.

Notes
Turn   | Place    | Note
-------+----------+-------------------------------------------
     0 | D:1      | qw the Tengu Warper began the quest for the Orb.
     0 | D:1      | Reached XP level 1. HP: 12/12 MP: 4/4
     0 | D:1      | 0 ||| qw: Version: 0.1-a-89-g26bdef1
     0 | D:1      | 0 ||| qw: Game counter: 2456
     0 | D:1      | 0 ||| qw: Always use a shield: true
     0 | D:1      | 0 ||| qw: God list: Okawaru
     0 | D:1      | 0 ||| qw: Allow faded altars: false
     0 | D:1      | 0 ||| qw: Do Orc after D:15 true
     0 | D:1      | 0 ||| qw: Do second Lair branch before Depths: true
     0 | D:1      | 0 ||| qw: Lair rune preference: random
     0 | D:1      | 0 ||| qw: Plans: Normal
     0 | D:1      | 0 ||| PLANNING D:1-11
    17 | D:1      | 17 ||| Stepping ~*~*~tactically~*~*~ (hiding).
    71 | D:1      | Found a faded altar of an unknown god.
   135 | D:1      | Found Naezec's Antique Armour Shop.
   139 | D:1      | 139 ||| SHOPLISTING heavy robe (91 gold, have 22).
   139 | D:1      | 139 ||| SHOPLISTING ring mail (64 gold, have 22).
   139 | D:1      | 139 ||| SHOPLISTING runed plate armour (416 gold, have 22).
   139 | D:1      | 139 ||| SHOPLISTING runed ring mail (112 gold, have 22).
   139 | D:1      | 139 ||| SHOPLISTING shiny ring mail (112 gold, have 22).
   141 | D:1      | 141 ||| Stepping ~*~*~tactically~*~*~ (stealth).
   150 | D:1      | Reached XP level 2. HP: 17/17 MP: 6/6
   151 | D:1      | Reached skill level 3 in Axes
   152 | D:1      | 152 ||| Stepping ~*~*~tactically~*~*~ (stealth).
   585 | D:1      | 585 ||| Stepping ~*~*~tactically~*~*~ (stealth).
   591 | D:1      | 591 ||| Stepping ~*~*~tactically~*~*~ (stealth).
   619 | D:1      | Reached XP level 3. HP: 21/21 MP: 7/7
   752 | D:1      | 752 ||| UPGRADING to scarf of repulsion.
   757 | D:1      | 757 ||| UPGRADING to +0 ring mail.
   767 | D:1      | 767 ||| DROPPING +0 leather armour.
   768 | D:1      | 768 ||| UPGRADING to +0 pair of gloves.
   773 | D:1      | 773 ||| READING scroll labelled HEBUME UHUQEJ.
   774 | D:1      | 774 ||| READING 3 scrolls labelled KOYTEL SEKHLYIT.
   775 | D:1      | 775 ||| READING scroll labelled HEWOQE LERIV.
   776 | D:1      | 776 ||| READING scroll labelled MYUQEODEMN.
   777 | D:1      | 777 ||| READING scroll labelled WAHAHE HIGIJAV.
   780 | D:1      | 780 ||| DRINKING 2 viscous black potions.
   824 | D:1      | 824 ||| DRINKING 3 golden potions.
   825 | D:1      | 825 ||| DROPPING scroll of blinking.
   826 | D:1      | 826 ||| DROPPING 2 scrolls of poison.
   827 | D:1      | 827 ||| DROPPING potion of lignification.
   828 | D:1      | 828 ||| DROPPING 2 potions of attraction.
   985 | D:2      | Reached skill level 4 in Axes
  1060 | D:2      | 1060 ||| DROPPING +0 club.
  1203 | D:2      | Reached XP level 4. HP: 26/26 MP: 8/8
  1237 | D:2      | 1237 ||| Stepping ~*~*~tactically~*~*~ (stealth).
  1338 | D:2      | 1338 ||| DROPPING +0 whip.
  1356 | D:2      | 1356 ||| Stepping ~*~*~tactically~*~*~ (stealth).
  1357 | D:2      | 1357 ||| Stepping ~*~*~tactically~*~*~ (stealth).
  1366 | D:2      | Reached skill level 5 in Axes
  1372 | D:2      | Slain by a gnoll

Levels and vault maps discovered:
D:1:      psy_arrival_dodecagon, layout_basic, serial_shops, shop,
          dreamdust_ecumenical_altar_drowned_temple, minivault_5
D:2:      layout_loops_cross, serial_shops, shop, minmay_stone_trees_medium

Skill      XL: |  1  2  3  4 |
---------------+-------------+-----
Axes           | 3 4 5 |  5.0
Fighting       | |  2.0
Throwing       | |  1.0
Armour         | |  1.1
Dodging        | |  2.1
Spellcasting   | |  2.0
Translocations | |  2.4

Action                   |  1- 3 |  4- 6 || total
-------------------------+-------+-------++-------
Melee: Hand axe          |    63 |    19 ||    82
       Peck              |     4 |     3 ||     7
       Kick              |    18 |     4 ||    22
       Punch             |     1 |       ||     1
Throw: Boomerang         |     7 |       ||     7
  Use: Scroll            |     5 |       ||     5
       Potion            |     2 |       ||     2
Armor: Leather armour    |     6 |       ||     6
       Ring mail         |    12 |     4 ||    16
Dodge: Dodged            |    24 |    10 ||    34

Table legend:
 A = Non-vault XP
 B = Vault XP
 C = Vault XP percentage of total XP
 D = Non-vault monster count
 E = Vault monster count
 F = Vault count percentage of total count
                 A         B        C        D         E       F
            +---------+---------+-------+---------+---------+-------
      Total |     114 |       1 |   0.9 |      39 |       1 |   2.5
            +---------+---------+-------+---------+---------+-------
        D:1 |      33 |       1 |   2.9 |      21 |       1 |   4.5
        D:2 |      81 |       0 |   0.0 |      18 |       0 |   0.0
            +---------+---------+-------+---------+---------+-------
